 Dungeon Crawl Stone Soup version 0.30-a0-778-g2ef04afb54 (webtiles) character file.

Game seed: 16142633068924964492

81 IndexError the Shooter (level 4, -2/28 HPs)
             Began as a Tengu Hunter on Feb 15, 2023.
             Slain by a scorpion (4 damage)
             ... on level 3 of the Dungeon.
             The game lasted 00:04:47 (2352 turns).

IndexError the Shooter (Tengu Hunter)               Turns: 2352, Time: 00:04:47

Health: -2/28      AC:  5    Str: 11    XL:     4   Next: 40%
Magic:  5/5        EV: 17    Int:  9    God:
Gold:   126        SH:  0    Dex: 20    Spells: 3/3 levels left

rFire   + . .      SeeInvis .    a - +0 shortbow
rCold   . . .      Faith    .    (shield currently unavailable)
rNeg    . . .      Spirit   .    x - +2 leather armour of the Beekeeper {rF+}
rPois   .          Reflect  .    (helmet restricted)
rElec   .          Harm     .    (no cloak)
rCorr   .          Rampage  .    (no gloves)
Will    .....                    (boots unavailable)
Stlth   ++                       (no amulet)
HPRegen 0.24/turn                i - +5 ring of evasion
MPRegen 0.09/turn                k - ring of flight {+Fly, !d}

@: lethally poisoned (-2 -> -8), flying
A: beak, talons 3
a: no special abilities


You were on level 3 of the Dungeon.
You visited 1 branch of the dungeon, and saw 4 of its levels.

You collected 126 gold pieces.

Inventory:

Hand Weapons
 a - a +0 shortbow (weapon)
 b - a +0 dagger
   (You took it off a goblin on level 1 of the Dungeon)
Armour
 x - the +2 leather armour of the Beekeeper (worn) {rF+}
   (You found it on level 3 of the Dungeon)

   rF:        It protects you from fire.
Magical Staves
 j - a staff of fire {rF+}
   (You found it on level 2 of the Dungeon)
Jewellery
 i - a +5 ring of evasion (left hand)
   (You found it on level 1 of the Dungeon)
 k - a ring of flight (right hand) {+Fly, !d}
   (You found it on level 2 of the Dungeon)
Scrolls
 d - a scroll of immolation {!r}
 e - 4 scrolls of identify {unknown}
 f - a scroll of vulnerability {unknown}
 m - 2 scrolls of teleportation {unknown}
 o - a scroll of poison {unknown}
 p - a scroll of fog {unknown}
 v - a scroll of noise {unknown}
Potions
 g - a potion of cancellation {unknown}
 h - a potion of berserk rage {unknown}
 t - a potion of curing {unknown}
 u - a potion of attraction {unknown}
 w - a potion of invisibility {unknown}


   Skills:
 + Level 3.4 Fighting
 + Level 5.4 Ranged Weapons
 - Level 2.1 Dodging
 - Level 1.0 Stealth


You had 3 spell levels left.
You didn't know any spells.
Your spell library contained the following spells:

 Spells                   Type           Power      Damage    Failure   Level
 Static Discharge         Conj/Air       0%         2-2/arc   63%         2
 Vhi's Electric Charge    Tloc/Air       0%         N/A       85%         3
 Arcjolt                  Conj/Air       0%         1d10      100%        5
 Lightning Bolt           Conj/Air       0%         1d11      100%        5


Dungeon Overview and Level Annotations

Branches:
Dungeon (4/15)
 Temple: D:4-7

Altars:
Nemelex Xobeh
Xom

Annotations:
D:3 Grinder


Innate Abilities, Weirdness & Mutations

You have a beak for a mouth.
You have claws for feet.


Message History

You hear the sound of rushing water.
There is an entrance to a sewer on this level.
Hurry and find it before the portal rusts away!
There is a stone staircase leading up here.
Okay, then.
Unknown command.
This spell is astonishingly dangerous to cast!
Memorise Vhi's Electric Charge, consuming 3 spell levels and leaving 0?
Okay, then.
Unknown command.
Unknown command.
Unknown command.
Unknown command.
Unknown command.
Unknown command.
Unknown command.
Unknown command.
Unknown command.
Okay, then.
You fly upwards.
Level annotation: Grinder
There is a stone staircase leading down here.
Items here: [[[[[[.
There is a stone staircase leading down here.
You fly downwards.
You hear the sound of rushing water.
There is an entrance to a sewer on this level.
Hurry and find it before the portal rusts away!
The adder hisses angrily.
There is a stone staircase leading up here.
Warning x2: The adder is fast and can poison!
The scorpion can poison!
You fly upwards.
Level annotation: Grinder
There is a stone staircase leading down here.
There is a stone staircase leading down here.
You fly downwards.
You hear the sound of rushing water.
There is an entrance to a sewer on this level.
Hurry and find it before the portal rusts away!
You hear the slow rusting of a very distant drain.
Found a stone staircase leading down.
There is a stone staircase leading up here.
You shoot an arrow. The arrow hits the ball python!
A quokka comes into view.
You shoot an arrow. The arrow closely misses the quokka.
You shoot an arrow. The arrow hits the quokka.
You shoot an arrow. The arrow hits the quokka!
No target in view!
Spoiler Alert: The scorpion can poison!
A goblin comes into view. It is wielding a +0 club.
The goblin moves out of view.
The scorpion attacks as you move away! The scorpion stings you.
There is a stone staircase leading up here.
The scorpion stings you but does no damage.
You fly upwards.
Level annotation: Grinder
There is a stone staircase leading down here.
Spoiler Alert: The scorpion can poison!
You shoot an arrow. The arrow hits the scorpion.
The scorpion stings you.
You take 2 damage, and have 26/28 hp.
You shoot an arrow. The arrow closely misses the scorpion.
The scorpion stings you.
You are poisoned.
The scorpion poisons you! The scorpion misses you.
Spoiler Alert: The scorpion can poison!
You take 5 damage, and have 21/28 hp.
You shoot an arrow.
The arrow hits the scorpion but does no damage.
You feel very sick. The scorpion misses you. x2
You take 4 damage, and have 17/28 hp.
You shoot an arrow. The arrow closely misses the scorpion.
You feel very sick. The scorpion stings you.
You are lethally poisoned!
The scorpion poisons you!
Spoiler Alert: The scorpion can poison!
You take 4 damage, and have 13/28 hp.
You are too injured to fight recklessly!
You are too injured to fight recklessly!
You are too injured to fight recklessly!
Fire: a) +0 shortbow
Press: ? - help, Q - select action Shift-Dir - straight line, f/p - scorpion
Aim: a scorpion (moderately wounded, 65% to hit)
You shoot an arrow. The arrow barely misses the scorpion.
You feel very sick. The scorpion misses you. The scorpion stings you.
* * * LOW HITPOINT WARNING * * *
Spoiler Alert: The scorpion can poison!
You take 5 damage, and have 8/28 hp.
Fire: a) +0 shortbow
Press: ? - help, Q - select action Shift-Dir - straight line, f/p - scorpion
Aim: a scorpion (moderately wounded, 65% to hit)
You shoot an arrow. The arrow hits the scorpion!
* * * LOW HITPOINT WARNING * * *
You feel very sick. The scorpion misses you.
Fire: a) +0 shortbow
Press: ? - help, Q - select action Shift-Dir - straight line, f/p - scorpion
Aim: a scorpion (almost dead, 65% to hit)
You shoot an arrow.
The arrow hits the scorpion but does no damage.
* * * LOW HITPOINT WARNING * * *
You feel very sick. The scorpion stings you.
You die...

# #.# #........... #
####.############.########## #
#...........#............# #
#.##.######..............### #
#.##.# ###).##...........
######.##.########..##.######.###
.................#.....# #.#
.#####.#...#####...#.### #.# .#
###.##..# #@#...# #.### .#
#...##..# #s...## #....
.###.####..# #.##.## #....
<##...###..#####.#...########.###
...................#..........#
###...###.#######....########.###
# ##.## #.# #.#.............#
####.####.# #.###########.#.#
..........# #.# #.#.#


You could see a scorpion.

Vanquished Creatures
  2 adders
  2 dart slugs
  A worm (D:3)
  8 endoplasms
  2 giant cockroaches
  5 goblins
  3 hobgoblins
  3 jackals (D:1)
  2 quokkas
  7 ball pythons
  6 bats
  5 frilled lizards
  3 kobolds
  6 rats
  A butterfly (D:3)
56 creatures vanquished.

Notes
Turn   | Place    | Note
-------+----------+-------------------------------------------
     0 | D:1      | IndexError the Tengu Hunter began the quest for the Orb.
     0 | D:1      | Reached XP level 1. HP: 12/12 MP: 2/2
    91 | D:1      | Reached XP level 2. HP: 18/18 MP: 3/3
   504 | D:1      | Reached XP level 3. HP: 22/22 MP: 4/4
   708 | D:2      | Reached skill level 5 in Ranged Weapons
   881 | D:2      | Reached skill level 3 in Fighting
  1295 | D:3      | Reached XP level 4. HP: 20/28 MP: 5/5
  1407 | D:3      | Noticed Grinder
  1716 | D:3      | Found a sparkling altar of Nemelex Xobeh.
  1754 | D:3      | Found a shimmering altar of Xom.
  1884 | D:3      | Identified the +2 leather armour of the Beekeeper {rF+}
  2287 | D:4      | Noticed a scorpion
  2351 | D:3      | HP: 5/28 [poisoned by a scorpion]
  2352 | D:3      | HP: 2/28 [poisoned by a scorpion]
  2352 | D:3      | Slain by a scorpion

Illustrated notes

Levels and vault maps discovered:
D:1:      wheals_arrival_shading, layout_rooms, minmay_misc_feat_alley,
          corexii_leaking_fountain, minmay_misc_feat_diagonals, chequers_avenue
D:2:      layout_loops_ring
D:3:      layout_loops_ring, nemelex_diamond_rough_becter, xom_butterflies,
          minmay_misc_feat_rugged, uniq_grinder
D:4:      layout_cave_pools, portal_sewer_entry_e

Skill      XL: |  1  2  3 |
---------------+----------+-----
Ranged Weapons | 5 |  5.4
Fighting       | 3 |  3.4
Dodging        | |  2.1
Stealth        | |  1.0

Action                     |  1- 3 |  4- 6 || total
---------------------------+-------+-------++-------
  Melee: Dagger            |     1 |       ||     1
   Fire: Shortbow          |    93 |    31 ||   124
   Stab: Sleeping          |     1 |       ||     1
 Armour: Leather armour    |    11 |     1 ||    12
  Dodge: Dodged            |    42 |     8 ||    50

Table legend: (Time is in decaauts)
 A = Elapsed time spent in this place.
 B = Non-inter-level travel time spent in this place.
 C = Inter-level travel time spent in this place.
 D = Time resting spent in this place.
 E = Time spent auto-exploring this place.
 F = Levels seen in this place.
 G = Mean time per level.
                   A        B        C        D        E       F      G
               +--------+--------+--------+--------+--------+-----+--------+
         Total |   2389 |   2091 |    298 |      0 |   1792 |   4 |  597.2 |
       Dungeon |   2389 |   2091 |    298 |      0 |   1792 |   4 |  597.2 |
               +--------+--------+--------+--------+--------+-----+--------+

Top non-repeatable levels by time:
     D:3: 1005 daAuts
     D:1: 709 daAuts
     D:2: 649 daAuts
     D:4: 24 daAuts

Table legend:
 A = Kills in this place as a percentage of kills in entire the game.
 B = Kills by you in this place as a percentage of kills by you in the entire game.
 C = Kills by friends in this place as a percentage of kills by friends in the entire game.
 D = Other kills in this place as a percentage of other kills in the entire game.
 E = Experience gained in this place as a percentage of experience gained in the entire game.
 F = Experience gained in this place divided by the number of levels of this place that you have seen.
                   A       B       C       D       E      F
               +-------+-------+-------+-------+-------+----------------------
         Total | 100.0 | 100.0 |   N/A |   N/A | 100.0 |  29.0
       Dungeon | 100.0 | 100.0 |   N/A |   N/A | 100.0 |  29.0
               +-------+-------+-------+-------+-------+----------------------
